 Dungeon Crawl Stone Soup version 0.30-a0-881-g1ff12e1e11 (webtiles) character file.

Game seed: 10096240337049587141

31988 jasper the Martial Artist (level 13, -9/103 HPs)
             Began as a Demonspawn Gladiator on Mar 14, 2023.
             Was a Believer of Uskayaw.
             Shot with an arrow by Nessos (18 damage)
             ... on level 3 of the Lair of Beasts.
             The game lasted 00:27:13 (10035 turns).

jasper the Martial Artist (Demonspawn Gladiator)   Turns: 10035, Time: 00:27:14

Health: -9/103     AC: 12    Str: 17    XL:     13   Next: 28%
Magic:  16/16      EV: 16    Int: 14    God:    Uskayaw [**....]
Gold:   2241       SH:  0    Dex: 15    Spells: 6/12 levels left

rFire   + . .      SeeInvis .      - Unarmed
rCold   . . .      Faith    .    (no shield)
rNeg    . . .      Spirit   .    v - +2 troll leather armour {Pargi}
rPois   .          Reflect  .    b - +0 helmet
rElec   .          Rampage  .    B - +0 cloak
rCorr   .                        (no gloves)
Will    .....                    e - +1 pair of boots of Sucinn {Str+2}
Stlth   +                        i - amulet of regeneration
HPRegen 1.97/turn                f - +4 ring of slaying
MPRegen 0.15/turn                y - ring of protection from fire

@: lethally poisoned (-9 -> -11)
A: powered by death 1, sharp scales 2, weakness stinger 2
a: Renounce Religion, Stomp, Line Pass


You were on level 3 of the Lair of Beasts.
You worshipped Uskayaw.
Uskayaw was noncommittal.
You visited 2 branches of the dungeon, and saw 14 of its levels.
You also visited: Sewer, Ossuary and Gauntlet.

You collected 2241 gold pieces.

Inventory:

Missiles
 c - 7 throwing nets
 d - a javelin
 h - 145 stones (quivered)
 G - 5 silver javelins
Armour
 a - a +0 leather armour
 b - a +0 helmet (worn)
 e - the +1 pair of boots of Sucinn (worn) {Str+2}
   (You found it in a Gauntlet)

   Str:       It affects your strength (+2).
 o - +0 storm dragon scales
 v - a +2 troll leather armour (worn) {Pargi}
 B - a +0 cloak (worn)
 I - +0 acid dragon scales
 L - +0 steam dragon scales
 R - a +3 leather armour of fire resistance
 X - a +0 hat of stealth
Jewellery
 f - a +4 ring of slaying (left hand)
 i - an amulet of regeneration (around neck)
 u - a ring of ice
 y - a ring of protection from fire (right hand)
 J - a ring of ice
 O - an amulet of magic regeneration
 Q - a ring of protection from fire
Wands
 r - a wand of polymorph (35)
 F - a wand of roots (22)
 V - a wand of flame (8)
Scrolls
 g - 2 scrolls of enchant weapon
 j - a scroll of blinking
 l - a scroll of magic mapping
 t - a scroll of identify
 z - 9 scrolls of teleportation
 A - 2 scrolls of fog
 C - 2 scrolls of immolation
 H - a scroll of brand weapon
 S - 2 scrolls of amnesia
 T - a scroll of fear
 U - a scroll of poison
Potions
 k - 4 potions of curing
 m - a potion of magic
 n - 2 potions of might
 p - 4 potions of ambrosia
 q - 3 potions of cancellation
 s - 5 potions of mutation
 w - a potion of lignification {unknown}
 x - 2 potions of brilliance {unknown}
 D - 2 potions of degeneration {unknown}
 E - a potion of berserk rage {unknown}
 K - a potion of resistance {unknown}
 M - a potion of haste {unknown}
 N - 2 potions of attraction {unknown}
 W - a potion of flight {unknown}


   Skills:
 - Level 10.0 Fighting
 - Level 1.7 Throwing
 - Level 2.4 Armour
 - Level 10.0 Dodging
 - Level 10.0 Unarmed Combat
 + Level 9.3 Transmutations
 + Level 9.4 Earth Magic
 - Level 4.6 Invocations


You had 6 spell levels left.
You knew the following spells:

 Your Spells              Type           Power      Damage    Failure   Level
a - Statue Form           Tmut/Erth      17%        N/A       75%         6

Your spell library contained the following spells:

 Spells                   Type           Power      Damage    Failure   Level
 Sting                    Tmut/Pois      52%        1d5       4%          1
 Lee's Rapid Deconstruct  Erth           13%        3d9*      21%         5
 Magic Dart               Conj           0%         1d3       34%         1
 Poisonous Vapours        Pois/Air       0%         N/A       45%         2
 Searing Ray              Conj           0%         2d4       45%         2
 Leda's Liquefaction      Hex/Erth       6%         N/A       45%         4
 Kindle Blastsparks       Fire/Tloc/Air  0%         2d10      71%         3
 Borgnjor's Vile Clutch   Necr/Erth      6%         N/A       80%         5
 Animate Dead             Necr           0%         N/A       98%         4
 Fulminant Prism          Conj/Hex       0%         3d5       98%         4
 Iskenderun's Mystic Bla  Conj/Tloc      0%         2d3       98%         4
 Olgreb's Toxic Radiance  Pois           0%         N/A       98%         4
 Iskenderun's Battlesphe  Conj           0%         2d6       100%        5
 Death Channel            Necr           0%         N/A       100%        6
 Iron Shot                Conj/Erth      6%         9d2       100%        6
 Spellforged Servitor     Conj/Summ      0%         N/A       100%        7
 Borgnjor's Revivificati  Necr           0%         N/A       100%        8
 Necromutation            Tmut/Necr      6%         N/A       100%        8
 Death's Door             Necr           0%         N/A       100%        9


Dungeon Overview and Level Annotations

Branches:
Dungeon (11/15)            Temple (0/1) D:4            Lair (3/5) D:8
 Shoals (0/4) Lair:2          Orc (0/2) D:10          Sewer (visited)
Ossuary (visited)         Gauntlet (visited)
  Snake: Lair:2-3    Spider: Lair:2-3

Altars:
Ashenzari
Cheibriados
Fedhas
Nemelex Xobeh
Ru
Uskayaw
Wu Jian

Annotations:
D:9 Erolcha
Lair:3 Nessos


Innate Abilities, Weirdness & Mutations

You regenerate a little health from kills.
You are mostly covered in razor-sharp scales. (AC +2, Slay +2)
You have a tail ending in a sharp stinger.


Message History

Aim: Nessos, wielding a +1 longbow of flaming and wearing a +0 barding (moderately wounded, fast, covered in acid, 81% to hit)
The puff of flame misses Nessos.
You feel very sick.
Nessos unwields a +1 longbow of flaming.
It stops flaming.
Nessos barely misses you. Nessos closely misses you.
A black bear comes into view.
You take 2 damage, and have 40/103 hp.
Okay, then.
You punch Nessos!
Nessos is heavily wounded.
You feel sick. Nessos hits you. Nessos barely misses you.
Nessos casts a spell.
Nessos blinks!
You take 4 damage, and have 36/103 hp.
Okay, then.
Okay, then.
Blink to where?
Press: ? - help, Dir - move target, p - Nessos
As you read the scroll of blinking, it crumbles to dust.
You feel sick.
You feel sick.
You feel sick.
You are no longer corroded.
You feel sick.
Nessos wields a +1 longbow of flaming.
It bursts into flame!
Nessos shoots an arrow.
The arrow hits you!!
* * * LOW HITPOINT WARNING * * *
The arrow burns you.
* * * LOW HITPOINT WARNING * * *
You take 23 damage, and have 14/103 hp.
MASSIVE DAMAGE!!
You punch the fungus!
The fungus begins to die.
The fungus is lightly damaged.
You feel sick.
You feel better.
Nessos is no longer covered in acid.
Nessos shoots an arrow.
The arrow hits you!
* * * LOW HITPOINT WARNING * * *
The arrow burns you.
You are poisoned.
* * * LOW HITPOINT WARNING * * *
Nessos shoots an arrow.
The arrow hits you!!
You die...

#.#.## #..#.. ####.#..# #$.§#
##.......## ##.§#
##.........### #####...##
#P...........# #..##....#
#.<..........#######..#....##
...............#.#...c..P..[#
...............P........P...#
................@#..........#
..............##............#
P.............###.............
............###
#............## P...........
#.............# ##P...######
##P......P##?.# #####
#####.#### ##


You could see Nessos (fast).

Vanquished Creatures
  Gastronok (Lair:2)
  A minotaur (Gauntlet)
  Fannar (D:11)
  Harold (Lair:2)
  Erica (D:8)
  A two-headed ogre (D:8)
  A death yak (D:8)
  A tengu warrior (Gauntlet)
  A death scarab (Gauntlet)
  A skyshark (Lair:2)
  Amaemon (D:8)
  Lodul (D:11)
  A lindwurm (Lair:1)
  Pikel (D:5)
  2 cyclopes (D:11)
  A manticore (D:11)
  11 elephants
  An orange demon (D:8)
  4 cane toads
  A rime drake (Lair:1)
  An unseen horror (D:11)
  5 komodo dragons
  2 tengu conjurers (Gauntlet)
  4 trolls
  Prince Ribbit (D:7)
  13 blink frogs (Lair:1)
  5 dream sheep (Lair:2)
  3 shadows (Gauntlet)
  A wyvern (Lair:1)
  31 yaks
  Eustachio (D:4)
  A steam dragon (D:8)
  2 basilisks
  A spectral cane toad (Gauntlet)
  An acid dragon (D:8)
  A two-headed ogre zombie (D:10)
  8 water moccasins
  4 orc warriors
  2 sky beasts
  Pargi (Sewer)
  2 black bears
  10 ogres
  A centaur (D:6)
  2 lemures (D:5)
  2 phantoms (D:10)
  A kobold brigand (D:10)
  3 bullfrogs
  4 wights (D:7)
  A troll zombie (D:10)
  10 killer bees
  A howler monkey (D:11)
  4 electric eels (D:11)
  11 orc priests
  3 hounds (D:5)
  Crazy Yiuf (D:2)
  3 jellies
  A sleepcap (D:7)
  Natasha (thrice) (D:4)
  7 orc wizards
  6 ogre zombies (D:10)
  9 mummies
  9 adders
  A river rat (D:5)
  2 shadow imps
  2 white imps
  An ufetubus (D:6)
  7 dart slugs
  24 orcs
  4 bats
  6 endoplasms
  4 giant cockroaches
  3 gnoll zombies (Ossuary)
  7 hobgoblins
  3 jackals (D:4)
  4 quokkas
  5 ball pythons
  4 frilled lizards
  2 goblins
  5 goblin skeletons (D:10)
  3 goblin zombies (D:10)
  A hobgoblin skeleton (D:10)
  6 hobgoblin zombies
  8 kobolds
  3 kobold zombies (Ossuary)
  An orc skeleton (D:10)
  10 orc zombies (D:10)
  7 rats
339 creatures vanquished.

Vanquished Creatures (others)
  An orc wizard (D:5)
  2 fungi
  4 plants
7 creatures vanquished.

Grand Total: 346 creatures vanquished

Notes
Turn   | Place    | Note
-------+----------+-------------------------------------------
     0 | D:1      | jasper the Demonspawn Gladiator began the quest for the
                  | Orb.
     0 | D:1      | Reached XP level 1. HP: 16/16 MP: 1/1
   242 | D:1      | Gained mutation: You have a small tail. [demonic ancestry]
   242 | D:1      | Reached XP level 2. HP: 22/22 MP: 2/2
   367 | D:1      | Found a faded altar of an unknown god.
   386 | D:1      | Prayed at the altar of an unknown god.
   386 | D:1      | Became a worshipper of Uskayaw the Reveller
   386 | D:1      | Reached * piety under Uskayaw
   440 | D:1      | Reached ** piety under Uskayaw
   606 | D:1      | Gained mutation: You are partially covered in razor-sharp
                  | scales. (AC +1, Slay +1) [demonic ancestry]
   606 | D:1      | Reached XP level 3. HP: 28/28 MP: 3/3
  1187 | D:2      | Found a runed translucent door.
  1188 | D:2      | Noticed Crazy Yiuf
  1442 | D:3      | You fall into a shaft and drop 2 floors!
  1442 | D:5      | Entered Level 5 of the Dungeon
  1464 | D:5      | Gained mutation: You are mostly covered in razor-sharp
                  | scales. (AC +2, Slay +2) [demonic ancestry]
  1464 | D:5      | Reached XP level 4. HP: 34/34 MP: 4/4
  1478 | D:5      | Noticed a lemure
  1489 | D:5      | Killed a lemure
  1489 | D:5      | Reached *** piety under Uskayaw
  1492 | D:5      | Noticed Pikel
  1492 | D:5      | Noticed a lemure
  1492 | D:5      | Noticed a lemure
  1492 | D:5      | Noticed a lemure
  1511 | D:5      | Reached **** piety under Uskayaw
  1512 | D:5      | Killed a lemure
  1512 | D:5      | Killed Pikel
  1513 | D:5      | Reached skill level 5 in Unarmed Combat
  1513 | D:5      | Reached XP level 5. HP: 42/42 MP: 4/7
  1513 | D:5      | Reached XP level 6. HP: 48/48 MP: 4/8
  1513 | D:5      | Reached XP level 7. HP: 53/53 MP: 4/9
  1593 | D:5      | Identified the +8 falchion "Juomil" {freeze, +Blink rPois
                  | rC- Str+5}
  1755 | D:5      | Found a glowing drain.
  1776 | D:5      | Reached ***** piety under Uskayaw
  1821 | Sewer    | Entered a sewer
  1921 | Sewer    | Noticed Pargi
  1924 | Sewer    | Killed Pargi
  1968 | D:5      | Learned a level 6 spell: Statue Form
  2018 | D:5      | Gained mutation: You have a tail ending in a sharp stinger.
                  | [demonic ancestry]
  2018 | D:5      | Reached XP level 8. HP: 55/61 MP: 11/11
  2363 | D:4      | Noticed Natasha
  2377 | D:4      | Killed Natasha
  2455 | D:4      | Found an ornate altar of the Wu Jian Council.
  2471 | D:4      | Noticed Natasha
  2476 | D:4      | Killed Natasha
  2545 | D:4      | Found a staircase to the Ecumenical Temple.
  2596 | D:4      | Reached skill level 5 in Fighting
  2631 | D:4      | Found a sand-covered staircase.
  2639 | Ossuary  | Entered an ossuary
  2866 | D:4      | Noticed Eustachio
  2866 | D:4      | Noticed Natasha
  2873 | D:4      | Killed Natasha
  2883 | D:4      | Killed Eustachio
  3738 | D:2      | Killed Crazy Yiuf
  4171 | D:6      | Gained mutation: You regenerate a little health from kills.
                  | [demonic ancestry]
  4171 | D:6      | Reached XP level 9. HP: 69/69 MP: 12/12
  4621 | D:7      | Reached skill level 5 in Dodging
  4680 | D:7      | Found a sparkling altar of Nemelex Xobeh.
  4798 | D:7      | Noticed Prince Ribbit
  4816 | D:7      | Killed Prince Ribbit
  5075 | D:8      | Identified the +5 falchion "Ycykh" {elec, rF++}
  5135 | D:8      | Found a staircase to the Lair.
  5135 | D:8      | Noticed a death yak
  5135 | D:8      | Noticed an elephant
  5153 | D:8      | Killed an elephant
  5173 | D:8      | Killed a death yak
  5174 | D:8      | Reached XP level 10. HP: 21/79 MP: 8/13
  5231 | D:8      | Noticed Erica
  5253 | D:8      | Killed Erica
  5254 | D:8      | Reached skill level 10 in Unarmed Combat
  5333 | D:8      | Noticed a two-headed ogre
  5340 | D:8      | Killed a two-headed ogre
  5593 | D:8      | Found a snail-covered altar of Cheibriados.
  5596 | D:8      | Found a broken altar of Ashenzari.
  5606 | D:8      | Found a sacrificial altar of Ru.
  5609 | D:8      | Found a blossoming altar of Fedhas.
  5746 | D:8      | Noticed Amaemon
  5748 | D:8      | Noticed an orange demon
  5755 | D:8      | Killed Amaemon
  5759 | D:8      | Killed an orange demon
  5844 | D:9      | Noticed Erolcha
  5941 | D:10     | Entered Level 10 of the Dungeon
  5995 | D:10     | Reached ****** piety under Uskayaw
  6012 | D:10     | Reached XP level 11. HP: 73/89 MP: 14/14
  6125 | D:10     | Reached skill level 10 in Fighting
  6148 | D:10     | Found a staircase to the Orcish Mines.
  6702 | D:10     | Identified a scroll of acquirement
  6702 | D:10     | Acquired 696 gold pieces
  6799 | D:11     | Noticed Lodul
  6806 | D:11     | Killed Lodul
  6824 | D:11     | Noticed Fannar
  6837 | D:11     | Found a gate leading to a gauntlet.
  6851 | D:11     | Killed Fannar
  6852 | D:11     | Reached skill level 10 in Dodging
  6852 | D:11     | Reached skill level 1 in Transmutations
  6852 | D:11     | Reached skill level 1 in Earth Magic
  6855 | Gauntlet | Entered a Gauntlet
  6855 | Gauntlet | Noticed an entropy weaver
  6855 | Gauntlet | Noticed a tengu warrior
  6855 | Gauntlet | Found the amulet of Vitality {RegenMP++ Regen++}
  6855 | Gauntlet | Found a transporter.
  6855 | Gauntlet | Found a transporter.
  6855 | Gauntlet | Found a transporter.
  6864 | Gauntlet | Found a transporter.
  6864 | Gauntlet | Found a transporter.
  6869 | Gauntlet | Noticed a death scarab
  6873 | Gauntlet | Noticed a wolf spider
  6876 | Gauntlet | Found a transporter.
  6940 | Gauntlet | Found a transporter.
  6949 | Gauntlet | Noticed an oklob plant
  6950 | Gauntlet | Found a transporter.
  6965 | Gauntlet | Found a transporter.
  6975 | Gauntlet | Found a transporter.
  6990 | Gauntlet | Found a transporter.
  6996 | Gauntlet | Found a transporter.
  7075 | Gauntlet | Killed a tengu warrior
  7080 | Gauntlet | Identified the +1 pair of boots of Sucinn {Str+2}
  7160 | Gauntlet | Killed a death scarab
  7285 | Gauntlet | Noticed a minotaur
  7294 | Gauntlet | Killed a minotaur
  7475 | D:11     | Noticed Maurice
  7485 | D:11     | Maurice changed into Maurice the sky beast
  7485 | D:11     | Noticed Maurice
  7491 | D:11     | Killed Maurice the sky beast
  7594 | D:11     | Reached XP level 12. HP: 97/97 MP: 15/15
  7605 | D:11     | Found the +7 great mace "Undeadhunter" {deathbane, rN+}
  7611 | D:11     | Reached skill level 5 in Transmutations
  7611 | D:11     | Reached skill level 5 in Earth Magic
  7983 | Lair:1   | Entered Level 1 of the Lair of Beasts
  9202 | Lair:2   | Reached XP level 13. HP: 95/103 MP: 16/16
  9274 | Lair:2   | Found a staircase to the Shoals.
  9360 | Lair:2   | Noticed Harold
  9372 | Lair:2   | Killed Harold
  9815 | Lair:2   | Noticed Gastronok
  9825 | Lair:2   | Killed Gastronok
 10010 | Lair:3   | Noticed Nessos
 10035 | Lair:3   | Shot with an arrow by Nessos

Illustrated notes

Levels and vault maps discovered:
D:1:      ebering_trefoil_twist, layout_basic, basic_ecumenical_altar
D:2:      layout_basic, uniq_crazy_yiuf_cottage
D:3:      layout_loops_corners, feat_on_display
D:4:      layout_loops_ring, kennysheep_mini_moat,
          minmay_temple_entry_overgrown, gup_ossuary_entry_pyramid,
          uniq_eustachio, uniq_natasha
D:5:      layout_loops_ring, portal_sewer_entry_a, amcnicky_mini_pool_small,
          uniq_pikel
D:6:      layout_loops_cross, minmay_diced_spiral
D:7:      layout_gridville, marbit_many_paths, grunt_ministairs_12,
          kennysheep_small_circle, uniq_prince_ribbit1
D:8:      layout_basic, grunt_temple_overflow_cloverleaf, david_lair_generic,
          david_defended_altar_orc, uniq_amaemon, uniq_erica
D:9:      layout_small_grid, uniq_joseph, uniq_erolcha
D:10:     layout_basic, zombieorc2_lemuel
D:11:     layout_basic, gauntlet_entry_generic, uniq_lodul, uniq_fannar,
          uniq_maurice
Lair:1:   layout_regular_city, nicolae_lair_lindhole
Lair:2:   layout_loops_ring, shoals_dummy_entry, uniq_gastronok, uniq_harold
Lair:3:   beast_lair_carwin_large_4, layout_cave_pods,
          minmay_snake_entry_guardpost_small, chequers_serial_rivers_large_b,
          grunt_megastairs_5, infiniplex_staircase_pool_2, uniq_nergalle,
          uniq_nessos

Skill      XL: |  1  2  3  4  5  6  7  8  9 10 11 12 13 |
---------------+----------------------------------------+-----
Unarmed Combat | 3 5 6 7 9 10 | 10.0
Fighting       | 3 4 5 7 9 10 | 10.0
Armour         | 2 |  2.4
Invocations    | 3 4 |  4.6
Dodging        | 3 4 6 8 10 | 10.0
Transmutations | 4 8 9 |  9.3
Earth Magic    | 4 8 9 |  9.4
Throwing       | |  1.7

Action                     |  1- 3 |  4- 6 |  7- 9 | 10-12 | 13-15 || total
---------------------------+-------+-------+-------+-------+-------++-------
  Melee: Unarmed           |   100 |    17 |   326 |   469 |    82 ||   994
         Tailslap          |    10 |     5 |    63 |    99 |    23 ||   200
         Punch             |     1 |       |    15 |    34 |     4 ||    54
  Throw: Throwing net      |       |     1 |     1 |     4 |       ||     6
         Javelin           |       |     1 |       |       |       ||     1
 Invoke: Line Pass         |       |       |     1 |       |       ||     1
  Evoke: Wand              |       |       |       |    29 |     5 ||    34
    Use: Scroll            |       |       |    21 |     9 |     1 ||    31
         Potion            |       |       |       |     5 |     3 ||     8
   Stab: Sleeping          |     2 |       |     1 |       |       ||     3
         Paralysed         |       |     2 |     9 |    32 |     2 ||    45
         Distracted        |       |       |     1 |       |       ||     1
         Confused          |       |       |     2 |       |       ||     2
 Armour: Leather armour    |    16 |       |       |       |       ||    16
         Storm dragon scal |    11 |     7 |    37 |       |       ||    55
         Troll leather arm |       |       |    75 |   123 |    23 ||   221
  Dodge: Dodged            |    36 |     4 |   153 |   340 |    65 ||   598

Table legend: (Time is in decaauts)
 A = Elapsed time spent in this place.
 B = Non-inter-level travel time spent in this place.
 C = Inter-level travel time spent in this place.
 D = Time resting spent in this place.
 E = Time spent auto-exploring this place.
 F = Levels seen in this place.
 G = Mean time per level.
                   A        B        C        D        E       F      G
               +--------+--------+--------+--------+--------+-----+--------+
         Total |   9928 |   9473 |    455 |    233 |   6665 |  17 |  584.0 |
       Dungeon |   7146 |   6755 |    391 |     54 |   4896 |  11 |  649.6 |
          Lair |   1990 |   1927 |     63 |     32 |   1412 |   3 |  663.3 |
         Sewer |    137 |    137 |      0 |      0 |     91 |   1 |  137.0 |
       Ossuary |    201 |    201 |      0 |     23 |     97 |   1 |  201.0 |
      Gauntlet |    450 |    450 |      0 |    124 |    169 |   1 |  450.0 |
               +--------+--------+--------+--------+--------+-----+--------+

Top non-repeatable levels by time:
  Lair:2: 995 daAuts
  Lair:1: 936 daAuts
     D:8: 858 daAuts
    D:10: 836 daAuts
     D:5: 763 daAuts
     D:1: 736 daAuts
     D:3: 736 daAuts
     D:6: 714 daAuts
    D:11: 685 daAuts
     D:4: 645 daAuts
     D:2: 551 daAuts
     D:7: 494 daAuts
Gauntlet: 450 daAuts
 Ossuary: 201 daAuts
   Sewer: 137 daAuts
